 Dungeon Crawl Stone Soup version 0.27.1-3-gb3d3a73c9e (webtiles) character file.

Game seed: 14270794544616018594

252 Gabide the Skirmisher (level 6, -1/48 HPs)
             Began as a Human Monk on Oct 13, 2021.
             Slain by an iguana (10 damage)
             ... on level 4 of the Dungeon.
             The game lasted 00:12:24 (4402 turns).

Gabide the Skirmisher (Human Monk)                  Turns: 4402, Time: 00:12:25

Health: -1/48      AC:  3    Str: 14    XL:     6   Next: 36%
Magic:  6/6        EV: 13    Int: 16    God:
Gold:   99         SH:  0    Dex: 15    Spells: 5/5 levels left

rFire    . . .     SeeInvis .   g - staff of death
rCold    . . .     Faith    .   (no shield)
rNeg     + . .     Spirit   .   b - +0 robe
rPois    .         Reflect  .   (no helmet)
rElec    .         Harm     .   m - +0 cloak
rCorr    .         Rampage  .   (no gloves)
Will     .....                  (no boots)
Stlth    ++........             (no amulet)
HPRegen  0.16/turn              j - +6 ring of intelligence
MPRegen  0.10/turn              k - ring of flight

@: about to teleport, flying
A: no striking features
a: no special abilities


You were on level 4 of the Dungeon.
You visited 1 branch of the dungeon, and saw 4 of its levels.

You collected 99 gold pieces.

Inventory:

Hand Weapons
 a - a +0 mace
Armour
 b - a +0 robe (worn)
 e - a +0 leather armour
 l - a +0 plate armour
 m - a +0 cloak (worn)
Magical Staves
 g - a staff of death (weapon)
Jewellery
 j - a +6 ring of intelligence (left hand)
 k - a ring of flight (right hand)
Wands
 n - a wand of flame (7)
Scrolls
 i - 2 scrolls of teleportation
Potions
 c - a potion of curing {unknown}
 d - a potion of flight {unknown}
 f - a potion of heal wounds {unknown}
 h - a potion of brilliance {unknown}
 o - a potion of berserk rage {unknown}


   Skills:
 * Level 4.0 Fighting
 - Level 3.8(4.2) Maces & Flails
 * Level 2.5(3.5) Staves
 - Level 0.1 Armour
 + Level 3.8 Dodging
 + Level 2.5 Stealth
 * Level 1.3 Necromancy
 * Level 1.2 Evocations


You had 5 spell levels left.
You didn't know any spells.
Your spell library contained the following spells:

 Spells                   Type           Power      Damage    Failure   Level
 Ensorcelled Hibernation  Hex/Ice        0%         N/A       36%         2
 Spider Form              Tmut/Pois      0%         N/A       58%         3
 Shadow Creatures         Summ           N/A        N/A       100%        6


Dungeon Overview and Level Annotations

Branches:
Dungeon (4/15)
 Temple: D:4-7

Altars:


Message History

You are too injured to fight recklessly!
The adder skeleton closely misses you.
Found a scroll labelled GIXOUTUUCS.
That's the wrong kind of item! (Use * to select it.) Evoke which item? (* to show all) (? for menu, Esc to quit)
Okay, then.
Aiming: Throw Flame
Press: ? - help, Shift-Dir - straight line, f - iguana
Aim: an iguana (lightly wounded, 72% to hit)
The puff of flame hits the iguana but does no damage.
The iguana is lightly wounded.
You hit the iguana but do no damage.
The iguana is lightly wounded.
The iguana bites you.
You barely miss the iguana.
The iguana is lightly wounded.
The iguana misses you.
You barely miss the iguana.
The iguana is lightly wounded.
The iguana closely misses you.
You barely miss the iguana.
The iguana is lightly wounded.
The iguana closely misses you.
You hit the iguana but do no damage. The iguana misses you.
You hit the iguana.
The iguana is lightly wounded.
The iguana bites you.
You closely miss the iguana.
The iguana is lightly wounded.
The iguana misses you.
You barely miss the iguana. The iguana bites you.
You hit the iguana.
The iguana is lightly wounded.
The iguana bites you!
* * * LOW HITPOINT WARNING * * *
Found a scroll of teleportation.
As you read the scroll of teleportation, it crumbles to dust.
You feel strangely unstable. The iguana misses you. The iguana bites you!
You die...

..#...........(#
.<.<......#.....#
.......#.##.....#
....#...#.########
.#..#...#.###
##.........##
###..#...?.#
#..#...Zl##
##...###@.# #.#.
##..# ...#. #...#
##? ## ##.# ## #


You could see an iguana and an adder skeleton.

Vanquished Creatures
  Menkaure (D:4)
  2 adders
  4 gnolls (D:3)
  A dart slug (D:1)
  An orc (D:3)
  4 ball pythons
  4 bats (D:1)
  5 endoplasms
  4 giant cockroaches
  7 goblins
  8 hobgoblins
  3 jackals (D:2)
  5 quokkas
  9 frilled lizards
  5 kobolds
  4 rats
67 creatures vanquished.

Vanquished Creatures (collateral kills)
  2 goblins (D:1)
  A hobgoblin (D:1)
  A frilled lizard (D:1)
4 creatures vanquished.

Grand Total: 71 creatures vanquished

Notes
Turn   | Place    | Note
-------+----------+-------------------------------------------
     0 | D:1      | Gabide the Human Monk began the quest for the Orb.
     0 | D:1      | Reached XP level 1. HP: 18/18 MP: 1/1
   173 | D:1      | Found a faded altar of an unknown god.
   190 | D:1      | Reached XP level 2. HP: 19/24 MP: 2/2
   773 | D:1      | Reached XP level 3. HP: 28/29 MP: 3/3
  1741 | D:2      | Reached XP level 4. HP: 29/35 MP: 4/4
  3354 | D:3      | Reached skill level 1 in Staves
  3354 | D:3      | Reached XP level 5. HP: 27/42 MP: 5/5
  4201 | D:4      | Noticed Menkaure
  4207 | D:4      | Killed Menkaure
  4208 | D:4      | Reached skill level 4 in Fighting
  4208 | D:4      | Reached skill level 1 in Necromancy
  4208 | D:4      | Reached skill level 1 in Evocations
  4208 | D:4      | Reached XP level 6. HP: 24/48 MP: 6/6
  4402 | D:4      | Slain by an iguana

Illustrated notes

Levels and vault maps discovered:
D:1:      dpeg_arrival_pits, layout_basic, hellmonk_ecumenical_altar_crossroads,
          serial_co_window_serial, co_window_paths_b, co_window_paths_a,
          co_window_of_opportunity_a, co_window_paths_a, co_window_corner_a,
          co_window_paths_a, co_window_cross_1, co_window_2corner,
          co_window_broadway_c, co_window_corner_b, glass_columns_a,
          glass_columns_b, glass_columns_a, glass_columns_b
D:2:      layout_basic, minmay_misc_feat_iff, minmay_lizard_pond
D:3:      layout_basic, kennysheep_minor_cross
D:4:      layout_rooms, minmay_temple_entry_drinking_statues,
          nicolae_underground_beach, uniq_duvessa, uniq_menkaure

Skill      XL: |  1  2  3  4  5 |
---------------+----------------+-----
Staves         | 1 2 |  2.5
Fighting       | 4 |  4.0
Necromancy     | 1 |  1.3
Evocations     | 1 |  1.2
Maces & Flails | |  3.8
Armour         | |  0.1
Dodging        | |  3.8
Stealth        | |  2.5

Action                   |  1- 3 |  4- 6 || total
-------------------------+-------+-------++-------
Melee: Mace              |   107 |    15 ||   122
       Staff             |       |   138 ||   138
Evoke: Wand              |       |    12 ||    12
  Use: Scroll            |     4 |     2 ||     6
 Stab: Sleeping          |     4 |     1 ||     5
Armor: Robe              |    12 |    14 ||    26
       Leather armour    |     7 |     9 ||    16
Dodge: Dodged            |    78 |   110 ||   188
